 Seeded DCSS version 0.26.0-45-g9c1d065592 (webtiles) character file.

Game seed: 12168637415130783165 (custom seed)

422593 kaeus the Slayer (level 22, -1/206 (213) HPs)
             Began as a Minotaur Berserker on Jan 31, 2021.
             Was the Champion of Trog.
             Killed from afar by a tengu reaver (28 damage)
             ... with a bolt of acid
             ... on level 5 of the Vaults.
             The game lasted 00:58:02 (53792 turns).

kaeus the Slayer (Minotaur Berserker)              Turns: 53792, Time: 00:58:03

HP:   -1/206 (213)  AC: 27    Str: 38    XL:     22   Next: 68%
MP:   21/21         EV: 26    Int:  8    God:    Trog [******]
Gold: 4737          SH: 22    Dex: 15    Spells: 21/21 levels left

rFire    + + .     SeeInvis .   I - +3 hand axe of the Wolf {protect, rPois Int+4 Dex-2}
rCold    + . .     Faith    .   f - +4 kite shield {reflect}
rNeg     + . .     Spirit   .   m - +3 salamander hide armour {Flames rF++ rC--}
rPois    +         Reflect  +   (helmet restricted)
rElec    .         Harm     .   x - +0 cloak of Coajaomo {Str+4 Int-3}
rCorr    .         Rampage  .   s - +3 pair of gauntlets of War {Slay+5}
Will     ++++.                  M - +2 pair of boots
Stlth    +.........             D - amulet of the Enemy {Acrobat rC+ Int+3}
HPRegen  1.44/turn              H - ring of Xaohayts {rPois Will+ Str+3}
MPRegen  0.17/turn              S - ring of the Jumping Fool {rC+ rN+ Dex+6}

@: marked, protection aura, berserk cooldown, regenerating (expiring), slowed,
studying Evocations, lightly drained, very slow
A: retaliatory headbutt, horns 2, cold resistance 1, shaggy fur 1, subdued magic
1, MP-powered wands
}: 2/15 runes: decaying, serpentine
a: Renounce Religion, Berserk, Trog's Hand, Brothers in Arms


You were on level 5 of the Vaults.
You worshipped Trog.
Trog was exalted by your worship.
You visited 7 branches of the dungeon, and saw 39 of its levels.
You also visited: Ossuary.

You collected 7376 gold pieces.
You spent 2639 gold pieces at shops.

Inventory:

Hand Weapons
 v - the +11 battleaxe of the Moon {flame, Str+3}
   (Trog gifted it to you on level 1 of the Elven Halls)

   It has been specially enchanted to burn those struck by it, causing extra
   injury to most foes and up to half again as much damage against particularly
   susceptible opponents.
   Big, fiery blades are also staple armaments of hydra-hunters.
   It affects your strength (+3).
 I - the +3 hand axe of the Wolf (weapon) {protect, rPois Int+4 Dex-2}
   (You bought it in a shop on level 2 of the Elven Halls)

   It grants its wielder temporary protection when it strikes (+7 to AC).
   It affects your intelligence (+4).
   It affects your dexterity (-2).
   It protects you from poison.
 J - the +1 hand axe "Mixze" {flame, +Rage rPois rC+}
   (You bought it in a shop on level 2 of the Elven Halls)

   It has been specially enchanted to burn those struck by it, causing extra
   injury to most foes and up to half again as much damage against particularly
   susceptible opponents.
   Big, fiery blades are also staple armaments of hydra-hunters.
   It protects you from cold.
   It protects you from poison.
   It lets you go berserk.
 K - the +1 broad axe "Pecwox" {vorpal, +Blink rElec Int-2 Dex+4}
   (Trog gifted it to you on level 5 of the Vaults)

   It inflicts extra damage upon your enemies.
   It affects your intelligence (-2).
   It affects your dexterity (+4).
   It insulates you from electricity.
   It lets you blink.
 O - a +9 vorpal hand axe
Armour
 f - a +4 kite shield of reflection (worn)
 m - the +3 salamander hide armour (worn) {Flames rF++ rC--}
   (You found it on level 4 of the Dungeon)

   It greatly protects you from fire.
   It makes you very vulnerable to cold.
 s - the +3 pair of gauntlets of War (worn) {Slay+5}
   (You acquired it on level 2 of the Orcish Mines)

   It affects your accuracy and damage with ranged weapons and melee attacks
   (+5).
 x - the +0 cloak of Coajaomo (worn) {Str+4 Int-3}
   (You found it on level 2 of the Swamp)

   It affects your strength (+4).
   It affects your intelligence (-3).
 M - a +2 pair of boots (worn)
 X - the quicksilver dragon scales of the Salamander {-Cast rC+ rN+ Will+ Str+8}
   (You found it on level 3 of the Elven Halls)

   It affects your strength (+8).
   It protects you from cold.
   It protects you from negative energy.
   It affects your willpower, your defense against some magical effects.
   It prevents spellcasting.
Jewellery
 A - the amulet "Febewakh" {RegenMP rF+ rC+ rN+}
   (You found it on level 2 of the Swamp)

   [amulet of magic regeneration]

   It increases your magic regeneration.
   It protects you from fire.
   It protects you from cold.
   It protects you from negative energy.
 D - the amulet of the Enemy (around neck) {Acrobat rC+ Int+3}
   (You found it on level 2 of the Orcish Mines)

   [amulet of the acrobat]

   It helps you evade while moving and waiting.
   It affects your intelligence (+3).
   It protects you from cold.
 H - the ring of Xaohayts (left hand) {rPois Will+ Str+3}
   (You took it off a kobold on level 9 of the Dungeon)

   [ring of willpower]

   It affects your strength (+3).
   It protects you from poison.
   It affects your willpower, your defense against some magical effects.
 S - the ring of the Jumping Fool (right hand) {rC+ rN+ Dex+6}
   (You found it on level 4 of the Lair of Beasts)

   [ring of dexterity]

   It affects your dexterity (+6).
   It protects you from cold.
   It protects you from negative energy.
 V - the ring of Jowo {rPois rF- AC+4 Int+4}
   (You found it on level 3 of the Elven Halls)

   [ring of protection]

   It affects your AC (+4).
   It affects your intelligence (+4).
   It makes you vulnerable to fire.
   It protects you from poison.
 Y - the ring of the Spinneret {rPois Str+6}
   (You took it off a deep elf sorcerer on level 3 of the Elven Halls)

   [ring of strength]

   It affects your strength (+6).
   It protects you from poison.
Wands
 h - a wand of enslavement (20)
 o - a wand of iceblast (54)
 y - a wand of disintegration (26)
 z - a wand of acid (13)
 B - a wand of digging (23)
 C - a wand of polymorph (84)
 E - a wand of paralysis (18)
Scrolls
 c - 28 scrolls of teleportation
 i - 22 scrolls of remove curse
 k - 10 scrolls of blinking
 n - 3 scrolls of fog
 p - 6 scrolls of fear
 r - 8 scrolls of immolation
 t - 14 scrolls of magic mapping
 u - 12 scrolls of identify
 F - 2 scrolls of enchant weapon
 Q - a scroll of holy word
Potions
 b - 7 potions of haste
 d - 3 potions of flight
 e - 24 potions of curing
 g - 7 potions of magic
 j - 5 potions of heal wounds
 l - 11 potions of lignification
 q - 2 potions of cancellation
 w - 3 potions of might
 G - 3 potions of attraction
 P - 17 potions of ambrosia
 T - 2 potions of invisibility
Books
 a - a manual of Evocations


   Skills:
 + Level 21.4 Fighting
 - Level 18.0 Axes
 + Level 21.2 Armour
 + Level 19.8 Dodging
 * Level 20.8 Shields
 - Level 10.0 Evocations


You had 21 spell levels left.
You didn't know any spells.
Your spell library was empty.

Dungeon Overview and Level Annotations

Branches:
Dungeon (15/15)            Temple (0/1) D:7            Lair (6/6) D:9
  Swamp (4/4) Lair:3        Snake (4/4) Lair:4        Slime (0/5) Lair:6
    Orc (2/2) D:10            Elf (3/3) Orc:2        Vaults (5/5) D:14
  Crypt (0/3) Vaults:3     Depths (0/5) D:15        Ossuary (visited)

Altars:
Ashenzari
Dithmenos
Elyvilon
Fedhas
Okawaru
Ru
Trog
Uskayaw
Vehumet
Wu Jian
Yredelemnul
Beogh
Jiyva

Shops:
D:7 ==*   D:12 =   Orc:2 =([*   Elf:1 :   Elf:2 (*   Snake:1 =}}=?   Vaults:3 (
Vaults:4 [   Vaults:5 ?:[[

Annotations:
D:15 1 runed translucent door, exclusion: orange crystal statue
Lair:3 exclusion: ice statue
Snake:4 Roxanne
Elf:1 1 runed translucent door, Qiokh's ghost, veteran MiBe


Innate Abilities, Weirdness & Mutations

You reflexively headbutt those who attack you in melee.
You have a pair of horns on your head.
Your flesh is cold resistant. (rC+)
You are covered in fur. (AC +1)
Your spells are a little easier to cast, but a little less powerful.
You expend magic power (3 MP) to strengthen your wands.


Message History

The battlesphere is engulfed in blazing flames.
The tengu reaver is engulfed in blazing flames.
The tengu reaver hits you with a +0 long sword.
* * * LOW HITPOINT WARNING * * *
You block the tengu reaver's attack. The tengu reaver claws you.
* * * LOW HITPOINT WARNING * * *
You block the orc's attack.
The frost giant is engulfed in blazing flames.
You block the frost giant's attack.
The shadow dragon breathes negative energy at you.
The bolt of negative energy misses you.
You take 8 damage, and have 25/206 hp.
You hit the shadow dragon but do no damage.
The shadow dragon is almost dead.
You slash the tengu reaver! You slash the frost giant!
You block the orc's attack.
The tengu reaver is engulfed in blazing flames.
The tengu reaver points at you and mumbles some strange words.
The bolt of acid hits you!!
You die...

....# ######### ....#
......... D...#
..)...... ....#
......... *...#
......... c...#
######### ##CQ..#
#.....##### ##@§*..#
..........#####°DQ#..#
...............o)## #
................##
...............##
...............##
..#######.......# .##
##.......# ##
##......#


You could see a shadow dragon (catching breath), an iron dragon, a frost giant,
2 tengu reavers, a yaktaur, 2 battlespheres and an orc.

Vanquished Creatures
  Mara (Elf:3)
  Vashnia (Snake:2)
  Saint Roka (Vaults:2)
  3 golden dragons (Vaults:5)
  A bone dragon (Swamp:4)
  Nikola (Snake:1)
  Rupert (D:12)
  4 tentacled monstrosities
  2 deep elf blademasters (Elf:3)
  2 deep elf master archers (Elf:3)
  5 titans (Vaults:5)
  Frances (D:12)
  3 sphinxes
  Kirke (Snake:4)
  3 storm dragons (Vaults:5)
  A thorn hunter (Swamp:2)
  Donald (Swamp:3)
  2 tengu reavers (Vaults:5)
  3 shadow dragons (Vaults:5)
  3 fire giants
  9 nagarajas
  9 vault wardens
  A fenstrider witch (Swamp:2)
  2 frost giants (Vaults:5)
  Aizul (Vaults:3)
  3 orc warlords (Orc:2)
  4 deep elf sorcerers (Elf:3)
  5 deep elf elementalists
  Louise (Snake:1)
  16 ironheart preservers
  A war gargoyle (Vaults:5)
  10 stone giants
  5 deep elf demonologists
  7 deep elf annihilators
  5 bunyips
  8 eleionomae
  Snorg (D:12)
  A fire dragon (Vaults:5)
  7 ettins
  11 deep elf death magi
  4 deep elf high priests
  3 great orbs of eyes
  14 yaktaur captains
  4 rakshasas
  5 boulder beetles
  25 vault guards
  4 ice dragons
  8 naga warriors
  16 hydras
  2 ghost crabs (Swamp:4)
  18 anacondas
  9 centaur warriors
  13 ogre magi
  35 two-headed ogres
  3 catoblepae
  21 dancing weapons
  3 death knights
  2 tengu warriors
  6 alligators
  3 orc high priests (Orc:2)
  A vampire mage (Vaults:3)
  21 naga sharpshooters
  10 spriggans
  9 shock serpents
  20 deep elf knights
  5 salamander mystics
  2 shadow wraiths
  A death drake (Swamp:4)
  3 goliath frogs
  6 deep trolls
  2 glowing orange brains
  A skeletal warrior (Vaults:3)
  2 flayed ghosts
  2 unseen horrors (shapeshifter)
  2 sea snakes (Snake:1)
  3 wizards (Vaults:3)
  3 swamp dragons
  4 naga ritualists
  A deep troll (shapeshifter) (Vaults:5)
  An unseen horror (Vaults:1)
  9 bog bodies
  4 spriggan druids
  18 deep elf archers
  21 orc knights
  Pikel (D:6)
  2 phantasmal warriors (Vaults:5)
  11 ironbrand convokers
  2 spectral hydras (Swamp:4)
  63 deep elf magi
  5 lindwurms
  2 necromancers
  2 manticores
  10 mana vipers
  5 ugly things
  A mana viper (shapeshifter) (Vaults:5)
  6 oklob plants (Lair:4)
  4 wolf spiders
  4 will-o-the-wisps
  5 cyclopes
  9 orc sorcerers
  Joseph (D:8)
  14 elephants
  7 salamanders
  30 black mambas
  8 guardian serpents
  19 cane toads
  11 naga magi
  6 vault sentinels
  A kobold demonologist (D:14)
  A guardian serpent (shapeshifter) (Vaults:3)
  6 swamp worm zombies (Swamp:4)
  A rime drake (Lair:3)
  Maggie (D:6)
  A human zombie (Vaults:5)
  7 komodo dragons
  32 yaktaurs
  6 freezing wraiths
  2 tengu conjurers
  2 queen bees
  10 trolls
  6 meliai
  A merfolk (shapeshifter) (D:14)
  2 wind drakes (shapeshifter)
  14 polar bears
  A meliai (shapeshifter) (Vaults:1)
  5 tyrant leeches
  4 alligator zombies (Swamp:4)
  8 hornets
  A hydra zombie (Swamp:4)
  A slime creature (shapeshifter) (Vaults:5)
  4 raiju (Lair:6)
  13 slime creatures
  4 spectral swamp dragons (Swamp:4)
  17 blink frogs
  A shadow (D:15)
  Sigmund (D:5)
  A vampire (D:12)
  An air elemental (Elf:3)
  8 wraiths
  51 yaks
  A yak (shapeshifter) (Vaults:4)
  16 wyverns
  5 hogs (Snake:4)
  8 basilisks
  6 fire bats (Elf:2)
  A basilisk (shapeshifter) (Vaults:4)
  2 steam dragons (Lair:4)
  27 nagas
  12 wargs
  A yaktaur simulacrum (Vaults:5)
  An acid dragon (shapeshifter) (D:13)
  A soldier ant (D:15)
  17 swamp worms
  3 acid dragons
  A floating eye (shapeshifter) (Vaults:5)
  13 hell hounds (Lair:6)
  32 water moccasins
  4 sky beasts
  2 black bears (shapeshifter) (D:14)
  5 swamp dragon zombies (Swamp:4)
  49 orc warriors
  12 ice beasts
  5 phantoms
  2 necrophages
  12 black bears
  43 ogres
  2 eyes of draining
  31 wolves
  5 boggarts (Vaults:2)
  A human skeleton (Vaults:5)
  10 centaurs
  2 lemures (D:6)
  A big kobold (D:11)
  24 bullfrogs
  2 gnoll sergeants
  A wyvern zombie (D:14)
  3 earth elementals
  6 scorpions
  67 killer bees
  11 wights
  3 jellies
  14 howler monkeys
  A human simulacrum (Vaults:1)
  2 electric eels (Lair:3)
  A quasit (D:8)
  3 centaur zombies
  2 bullfrog zombies (D:5)
  A gnoll shaman (D:9)
  7 hounds
  3 iguanas
  18 orc priests
  5 bullfrog skeletons
  6 centaur skeletons
  22 orc wizards
  Terence (D:3)
  A spectral swamp drake (Swamp:4)
  7 worker ants
  7 hell rats
  5 yak simulacra (Lair:4)
  3 polar bear simulacra (Lair:4)
  A hound zombie (D:7)
  A hound skeleton (D:4)
  A worker ant zombie (D:8)
  A howler monkey skeleton (D:7)
  12 gnolls
  17 adders
  2 shadow imps
  5 white imps
  4 ufetubi
  An ooze (D:4)
  3 adder zombies
  3 adder skeletons
  2 worms
  A dart slug (D:3)
  4 leopard geckos
  142 orcs
  2 ball pythons
  7 giant cockroaches
  4 goblins
  18 hobgoblins
  6 jackals
  5 quokkas
  2 ball python skeletons (Ossuary)
  4 bats
  8 frilled lizards
  3 hobgoblin zombies (Ossuary)
  26 kobolds
  A kobold zombie (Ossuary)
  A leopard gecko zombie (D:5)
  5 rats
  3 river rat simulacra (Lair:4)
  17 briar patches (Swamp:2)
  5 bushes (Lair:6)
  A butterfly (Lair:3)
  A plant (Swamp:2)
1816 creatures vanquished.

Vanquished Creatures (others)
  An ironheart preserver (Vaults:1)
  A deep elf high priest (Elf:3)
  A phantasmal warrior (Swamp:4)
  8 bloated husks
  A hornet (Swamp:4)
  A water elemental (Elf:1)
  2 spriggans (Swamp:4)
  4 phantoms (Swamp:4)
  A swamp dragon zombie (Swamp:4)
  An ogre (Vaults:1)
  A wolf (Lair:6)
  A killer bee (Lair:4)
  A spectral swamp drake (Swamp:4)
  A briar patch (Swamp:2)
  12 foxfires
  125 fungi
  263 plants
425 creatures vanquished.

Grand Total: 2241 creatures vanquished

Notes
Turn   | Place    | Note
-------+----------+-------------------------------------------
     0 | D:1      | kaeus the Minotaur Berserker began the quest for the Orb.
     0 | D:1      | Reached XP level 1. HP: 19/19 MP: 0/0
   169 | D:1      | Reached XP level 2. HP: 23/27 MP: 1/1
   905 | D:1      | Reached XP level 3. HP: 31/33 MP: 2/2
  1077 | D:2      | Found an iron altar of Okawaru.
  1860 | D:2      | Reached ** piety under Trog
  2331 | D:3      | Noticed Terence
  2333 | D:3      | Reached XP level 4. HP: 35/40 MP: 3/3
  2341 | D:3      | Killed Terence
  2345 | D:3      | Reached XP level 5. HP: 47/47 MP: 4/4
  2382 | D:4      | Found the +3 salamander hide armour {Flames rF++ rC--}
  2480 | D:4      | Reached skill level 5 in Axes
  2590 | D:4      | Found a shadowy altar of Dithmenos.
  2646 | D:4      | Reached skill level 5 in Fighting
  2660 | D:4      | Found a hide-covered altar of Uskayaw.
  2927 | D:3      | Reached XP level 6. HP: 56/56 MP: 5/5
  2927 | D:3      | Reached *** piety under Trog
  3314 | D:5      | Entered Level 5 of the Dungeon
  3428 | D:5      | Noticed Sigmund
  3432 | D:5      | Killed Sigmund
  3433 | D:5      | Reached skill level 5 in Armour
  3433 | D:5      | Reached XP level 7. HP: 62/62 MP: 6/6
  3620 | D:5      | Reached skill level 5 in Dodging
  3694 | D:5      | Found an ornate altar of the Wu Jian Council.
  3773 | D:5      | Found a bloodstained altar of Trog.
  3773 | D:5      | Found a white marble altar of Elyvilon.
  4246 | D:6      | Noticed Maggie
  4257 | D:6      | Killed Maggie
  4258 | D:6      | Reached XP level 8. HP: 31/71 MP: 7/7
  4512 | D:6      | Noticed Pikel
  4516 | D:6      | Reached **** piety under Trog
  4519 | D:6      | Killed Pikel
  4788 | D:6      | Found a broken altar of Ashenzari.
  4985 | D:6      | Reached XP level 9. HP: 79/81 MP: 8/8
  5101 | D:6      | Found a blossoming altar of Fedhas.
  5225 | D:7      | Found a staircase to the Ecumenical Temple.
  5303 | D:7      | Found a sand-covered staircase.
  5310 | Ossuary  | Entered an ossuary
  6093 | D:7      | Found Qusivo Qyikh's General Store.
  6096 | D:7      | Reached ***** piety under Trog
  6265 | D:7      | Found Kilaklim's Jewellery Shoppe.
  6367 | D:7      | Found Kuyperug's Jewellery Boutique.
  6370 | D:7      | Bought an uncursed amulet of guardian spirit for 300 gold
                  | pieces
  6370 | D:7      | Bought an uncursed ring of see invisible for 150 gold
                  | pieces
  6383 | D:7      | Gained mutation: Your spells are a little harder to cast,
                  | but a little more powerful. [potion of mutation]
  6383 | D:7      | Gained mutation: Scrolls take you a little longer to read.
                  | [potion of mutation]
  6383 | D:7      | Gained mutation: You have large cloven feet. [potion of
                  | mutation]
  6384 | D:7      | Lost mutation: Your spells are a little harder to cast, but
                  | a little more powerful. [potion of mutation]
  6384 | D:7      | Lost mutation: Scrolls take you a little longer to read.
                  | [potion of mutation]
  6384 | D:7      | Lost mutation: You have large cloven feet. [potion of
                  | mutation]
  6384 | D:7      | Gained mutation: You tend to lose your temper in combat.
                  | [potion of mutation]
  6384 | D:7      | Gained mutation: You are covered in fur. (AC +1) [potion of
                  | mutation]
  6432 | D:7      | Lost mutation: You tend to lose your temper in combat.
                  | [potion of mutation]
  6432 | D:7      | Lost mutation: You are covered in fur. (AC +1) [potion of
                  | mutation]
  6432 | D:7      | Gained mutation: You are resistant to electric shocks.
                  | (rElec) [potion of mutation]
  6432 | D:7      | Lost mutation: You are resistant to electric shocks.
                  | (rElec) [potion of mutation]
  6432 | D:7      | Gained mutation: You are agile. (Dex +2) [potion of
                  | mutation]
  6432 | D:7      | Gained mutation: You are partially covered in slimy green
                  | scales. (AC +2) [potion of mutation]
  6475 | D:8      | Noticed a two-headed ogre
  6483 | D:8      | Killed a two-headed ogre
  6484 | D:8      | Reached XP level 10. HP: 57/91 MP: 6/9
  6494 | D:8      | Found a roughly hewn altar of Beogh.
  6848 | D:8      | Noticed Joseph
  6858 | D:8      | Killed Joseph
  6859 | D:8      | Reached skill level 10 in Axes
  7128 | D:8      | Reached skill level 10 in Fighting
  7130 | D:8      | Received a gift from Trog
  7696 | D:9      | Found a sacrificial altar of Ru.
  7915 | D:9      | Reached skill level 10 in Armour
  7916 | D:9      | Identified the ring of Xaohayts {rPois Will+ Str+3}
  8370 | D:9      | Reached XP level 11. HP: 101/101 MP: 10/10
  8569 | D:9      | Found a staircase to the Lair.
  8759 | Lair:1   | Entered Level 1 of the Lair of Beasts
  8853 | Lair:1   | Noticed a six-headed hydra
  8860 | Lair:1   | Killed a four-headed hydra
  9007 | Lair:1   | Reached skill level 10 in Dodging
  9187 | Lair:1   | Received a gift from Trog
  9908 | Lair:2   | Found a hide-covered altar of Uskayaw.
 10565 | Lair:3   | Noticed a catoblepas
 10569 | Lair:3   | Noticed an ice dragon
 10571 | Lair:3   | Killed a catoblepas
 11088 | Lair:3   | Killed an ice dragon
 11238 | Lair:3   | Reached XP level 12. HP: 103/112 MP: 11/11
 11243 | Lair:3   | Found the +2 Maxwell's thermic engine {flame, freeze}
 11540 | Lair:3   | Found a staircase to the Swamp.
 12285 | Lair:3   | Lost mutation: You are partially covered in slimy green
                  | scales. (AC +2) [potion of mutation]
 12285 | Lair:3   | Lost mutation: You are agile. (Dex +2) [potion of mutation]
 12285 | Lair:3   | Gained mutation: You expend magic power (3 MP) to
                  | strengthen your wands. [potion of mutation]
 12285 | Lair:3   | Gained mutation: Your flesh is cold resistant. (rC+)
                  | [potion of mutation]
 12285 | Lair:3   | Gained mutation: You are covered in fur. (AC +1) [potion of
                  | mutation]
 12662 | Lair:4   | Noticed a boulder beetle
 13010 | Lair:4   | Killed a boulder beetle
 13035 | Lair:4   | Received a gift from Trog
 13191 | Lair:4   | Reached XP level 13. HP: 122/122 MP: 12/12
 13549 | Lair:4   | Found a staircase to the Snake Pit.
 14275 | Lair:4   | Got a slimy copper ring
 14456 | Lair:4   | Identified the ring of the Jumping Fool {rC+ rN+ Dex+6}
                  | (You found it on level 4 of the Lair of Beasts)
 14634 | Lair:5   | Reached ****** piety under Trog
 15229 | Lair:6   | Entered Level 6 of the Lair of Beasts
 15267 | Lair:6   | Found a staircase to the Slime Pits.
 15268 | Lair:6   | Found a viscous altar of Jiyva.
 15270 | Lair:6   | Found a basalt altar of Yredelemnul.
 15317 | Lair:6   | Received a gift from Trog
 15330 | Lair:6   | Reached XP level 14. HP: 66/133 MP: 7/13
 16021 | Lair:6   | Reached skill level 15 in Axes
 16026 | Lair:6   | Reached skill level 15 in Fighting
 16039 | Lair:6   | Received a gift from Trog
 16681 | Lair:6   | Reached skill level 15 in Armour
 17636 | D:10     | Entered Level 10 of the Dungeon
 18184 | D:10     | Found a roughly hewn altar of Beogh.
 18188 | D:10     | Found a staircase to the Orcish Mines.
 18194 | D:10     | Received a gift from Trog
 18846 | Orc:1    | Entered Level 1 of the Orcish Mines
 19105 | Orc:2    | Entered Level 2 of the Orcish Mines
 19106 | Orc:2    | Found Tumpuqirr's Antique Weapon Shoppe.
 19420 | Orc:2    | Found a staircase to the Elven Halls.
 19470 | Orc:2    | Found a roughly hewn altar of Beogh.
 19487 | Orc:2    | Found Sege's Jewellery Emporium.
 19558 | Orc:2    | Noticed an orc warlord
 19576 | Orc:2    | Killed an orc warlord
 19577 | Orc:2    | Reached XP level 15. HP: 61/143 MP: 6/14
 20152 | Orc:2    | Received a gift from Trog
 20192 | Orc:2    | Noticed an orc warlord
 20419 | Orc:2    | Killed an orc warlord
 20672 | Orc:2    | Got a warped amethyst amulet
 20745 | Orc:2    | Found Vafeapn's Antique Armour Shoppe.
 20745 | Orc:2    | Noticed an orc warlord
 20760 | Orc:2    | Killed an orc warlord
 21531 | Orc:2    | Bought a kite shield for 166 gold pieces
 21541 | Orc:2    | Identified the amulet of the Enemy {Acrobat rC+ Int+3} (You
                  | found it on level 2 of the Orcish Mines)
 21680 | Orc:2    | Found Tawesmak's General Store.
 21699 | Orc:2    | Bought a scroll of acquirement for 728 gold pieces
 21700 | Orc:2    | Acquired the +3 pair of gauntlets of War {Slay+5}
 21701 | Orc:2    | Found the +3 pair of gauntlets of War {Slay+5}
 22629 | D:11     | Received a gift from Trog
 22739 | D:11     | Found a radiant altar of Vehumet.
 23215 | D:12     | Reached skill level 15 in Dodging
 23243 | D:12     | Noticed Rupert
 23250 | D:12     | Killed Rupert
 23362 | D:12     | Noticed Frances
 23373 | D:12     | Killed Frances
 23416 | D:12     | Noticed Snorg
 23420 | D:12     | Killed Snorg
 23475 | D:12     | Found Eddoed Poupo's Jewellery Shoppe.
 23846 | D:13     | Reached skill level 1 in Shields
 24675 | D:13     | Received a gift from Trog
 25301 | D:14     | Found a gate to the Vaults.
 25719 | D:15     | Entered Level 15 of the Dungeon
 25756 | D:15     | Reached XP level 16. HP: 149/152 MP: 5/15
 25914 | D:15     | Reached skill level 5 in Shields
 26012 | D:15     | Found a runed translucent door.
 26390 | D:15     | Found a staircase to the Depths.
 26653 | Elf:1    | Entered Level 1 of the Elven Halls
 26663 | Elf:1    | Received a gift from Trog
 26718 | Elf:1    | Got a translucent battleaxe {god gift}
 26732 | Elf:1    | Reached skill level 1 in Evocations
 26813 | Elf:1    | Found Xeut's Book Emporium.
 26822 | Elf:1    | Identified the +11 battleaxe of the Moon {flame, Str+3}
                  | (Trog gifted it to you on level 1 of the Elven Halls)
 26943 | Elf:1    | Found a runed translucent door.
 26943 | Elf:1    | Noticed Qiokh's ghost (veteran MiBe)
 27972 | Elf:2    | Found Ligh's Elven Fire.
 27980 | Elf:2    | Received a gift from Trog
 28648 | Elf:2    | Found Tecaompi's Weapon Shoppe.
 28881 | Elf:2    | Bought the +3 hand axe of the Wolf {protect, rPois Int+4
                  | Dex-2} for 646 gold pieces
 28881 | Elf:2    | Bought the cursed +1 hand axe "Mixze" {flame, +Rage rPois
                  | rC+} for 552 gold pieces
 29043 | Elf:2    | Found a huge runed translucent gate.
 29043 | Elf:2    | Found a huge runed translucent gate.
 29043 | Elf:2    | Found a huge runed translucent gate.
 29044 | Elf:2    | Found a huge runed translucent gate.
 29044 | Elf:2    | Found a huge runed translucent gate.
 29566 | Elf:2    | Received a gift from Trog
 29643 | Elf:2    | Reached XP level 17. HP: 121/161 MP: 16/16
 30391 | Elf:3    | Entered Level 3 of the Elven Halls
 30402 | Elf:3    | Reached skill level 5 in Evocations
 30548 | Elf:3    | Noticed Mara
 30620 | Elf:3    | Noticed kaeus's illusion
 30640 | Elf:3    | Killed Mara
 30820 | Elf:3    | Noticed a Brimstone Fiend
 30820 | Elf:3    | Gained mutation: Your spells are a little easier to cast,
                  | but a little less powerful. [a cacodemon]
 30828 | Elf:3    | Reached skill level 10 in Shields
 30839 | Elf:3    | Noticed a deep elf blademaster
 30844 | Elf:3    | Killed a deep elf blademaster
 30850 | Elf:3    | Noticed a deep elf master archer
 30852 | Elf:3    | Killed a deep elf master archer
 30853 | Elf:3    | HP: 6/163 [deep elf sorcerer/damnation (24)]
 30934 | Elf:3    | Identified the cursed +3 glaive "Kumati" {vorpal, rElec
                  | rPois rN+++ Str-3}
 30938 | Elf:3    | Noticed a deep elf master archer
 31033 | Elf:3    | Identified the ring of the Spinneret {rPois Str+6}
 31073 | Elf:3    | Received a gift from Trog
 31180 | Elf:3    | Identified the cursed +0 plate armour of Vevez {+Blink
                  | Int+3}
 31180 | Elf:3    | Noticed a deep elf blademaster
 31197 | Elf:3    | Killed a deep elf blademaster
 31221 | Elf:3    | Killed a deep elf master archer
 31222 | Elf:3    | Identified the Incunabulum of Noxious Illusion
 31225 | Elf:3    | Identified Paim's Compendium of Ashen Cold
 31897 | Elf:3    | Got a vibrating pewter ring
 31921 | Elf:3    | Identified the Volume of Twisted Summoning
 31932 | Elf:3    | Identified the Collected Works on the Traveller and
                  | Conjuration
 31936 | Elf:3    | Got steaming quicksilver dragon scales
 31937 | Elf:3    | Identified the ring of Jowo {rPois rF- AC+4 Int+4} (You
                  | found it on level 3 of the Elven Halls)
 31938 | Elf:3    | Identified the quicksilver dragon scales of the Salamander
                  | {-Cast rC+ rN+ Will+ Str+8} (You found it on level 3 of the
                  | Elven Halls)
 33184 | Swamp:1  | Entered Level 1 of the Swamp
 33817 | Swamp:2  | Received a gift from Trog
 33823 | Swamp:2  | Reached XP level 18. HP: 171/171 MP: 17/17
 34495 | Swamp:2  | Found a transporter.
 34654 | Swamp:2  | Found a transporter.
 35115 | Swamp:2  | Got a fading cloak
 35118 | Swamp:2  | Got a heavily runed brass amulet
 35370 | Swamp:2  | Identified the +0 cloak of Coajaomo {Str+4 Int-3} (You
                  | found it on level 2 of the Swamp)
 35381 | Swamp:2  | Identified the amulet "Febewakh" {RegenMP rF+ rC+ rN+} (You
                  | found it on level 2 of the Swamp)
 35823 | Swamp:3  | Noticed Donald
 35846 | Swamp:3  | Killed Donald
 36355 | Swamp:4  | Entered Level 4 of the Swamp
 36646 | Swamp:4  | Received a gift from Trog
 37109 | Swamp:4  | Noticed a bone dragon
 37147 | Swamp:4  | Killed a bone dragon
 37786 | Swamp:4  | Got a decaying rune of Zot
 38337 | Vaults:1 | Entered Level 1 of the Vaults
 38858 | Snake:1  | Entered Level 1 of the Snake Pit
 38931 | Snake:1  | Noticed Louise
 38943 | Snake:1  | Killed Louise
 39287 | Snake:1  | Noticed Nikola
 39301 | Snake:1  | Killed Nikola
 39579 | Snake:1  | Received a gift from Trog
 39595 | Snake:1  | Found Coyggesm's Jewellery Emporium.
 39739 | Snake:1  | Found Ergh's Magic Scroll Shoppe.
 39742 | Snake:1  | Bought a scroll of enchant armour for 97 gold pieces
 40056 | Snake:1  | Found Sops's Jewellery Shop.
 40057 | Snake:1  | Found Yrestrosk's Gadget Shoppe.
 40057 | Snake:1  | Found Unuyfeol's Gadget Shoppe.
 40063 | Snake:1  | Reached XP level 19. HP: 179/180 MP: 18/18
 40571 | Snake:2  | Noticed Vashnia
 40595 | Snake:2  | Killed Vashnia
 40596 | Snake:2  | Reached skill level 10 in Evocations
 42291 | Snake:3  | Received a gift from Trog
 42606 | Snake:4  | Entered Level 4 of the Snake Pit
 42620 | Snake:4  | Noticed Roxanne
 42760 | Snake:4  | Noticed Kirke
 42771 | Snake:4  | Killed Kirke
 43998 | Snake:4  | Reached skill level 15 in Shields
 44003 | Snake:4  | Received a gift from Trog
 44966 | Snake:4  | Received a gift from Trog
 44974 | Snake:4  | Reached XP level 20. HP: 191/191 MP: 10/19
 45043 | Snake:4  | Got a serpentine rune of Zot
 46204 | Vaults:1 | Received a gift from Trog
 47576 | Vaults:2 | Received a gift from Trog
 48382 | Vaults:2 | Noticed Saint Roka
 48414 | Vaults:2 | Killed Saint Roka
 48951 | Vaults:3 | You fall into a shaft and drop 1 floor!
 49059 | Vaults:4 | Received a gift from Trog
 49521 | Vaults:3 | Found Tygraz's Weapon Shoppe.
 49527 | Vaults:3 | Reached XP level 21. HP: 201/201 MP: 20/20
 49667 | Vaults:3 | Noticed Aizul
 49681 | Vaults:3 | Killed Aizul
 50027 | Vaults:3 | Found a staircase to the Crypt.
 50175 | Vaults:3 | Received a gift from Trog
 50726 | Vaults:4 | Found Addoudgh's Antique Armour Shoppe.
 51088 | Vaults:4 | Acquired a manual of Evocations
 51090 | Vaults:4 | Acquired 876 gold pieces
 51514 | Vaults:5 | Entered Level 5 of the Vaults
 51529 | Vaults:5 | Received a gift from Trog
 52097 | Vaults:5 | Noticed a golden dragon
 52648 | Vaults:5 | Noticed a golden dragon
 52662 | Vaults:5 | Killed a golden dragon
 52663 | Vaults:5 | Reached XP level 22. HP: 211/211 MP: 21/21
 52664 | Vaults:5 | Received a gift from Trog
 52667 | Vaults:5 | Got a masterwork broad axe {god gift}
 52668 | Vaults:5 | Identified the +1 broad axe "Pecwox" {vorpal, +Blink rElec
                  | Int-2 Dex+4} (Trog gifted it to you on level 5 of the
                  | Vaults)
 52729 | Vaults:5 | Noticed a golden dragon
 52751 | Vaults:5 | Killed a golden dragon
 53281 | Vaults:5 | Found Remuiki's Magic Scroll Shop.
 53409 | Vaults:5 | Found Puett's Antique Armour Shoppe.
 53409 | Vaults:5 | Found Patirch's Book Shop.
 53588 | Vaults:5 | Found Itoscho's Antique Armour Boutique.
 53649 | Vaults:5 | Received a gift from Trog
 53671 | Vaults:5 | Killed a golden dragon
 53792 | Vaults:5 | Killed from afar by a tengu reaver

Illustrated notes

Levels and vault maps discovered:
D:1:      minmay_arrival_floating_metal, layout_basic, minmay_ruptured
D:2:      layout_basic, nicolae_overflow_crystal_walls
D:3:      layout_rooms, uniq_terence
D:4:      layout_cave_pools, eat_drink_and_be_merry_uskayaw,
          chequers_hall_statues_y, minmay_misc_feat_plants,
          grunt_dithmenos_smoke
D:5:      layout_loops_ring, pdpol_wu_jian_five_deadly_venoms,
          gammafunk_temple_overflow_statue, kennysheep_cluttered_room,
          minmay_chambers_of_fives, uniq_sigmund
D:6:      layout_basic, old_standard_altar, basic_altar, uniq_maggie, uniq_pikel
D:7:      layout_basic, minmay_temple_entry_sparse_star,
          chequers_ossuary_entry_cave, serial_shops, shop,
          nicolae_shop_behind_doors, kennysheep_mini, kennysheep_generic_room_6
D:8:      layout_basic, special_room [special_room_orc], uniq_joseph
D:9:      kennysheep_housing_project, layout_gridville, lair_entry_dummy,
          basic_altar
D:10:     layout_basic, david_orc_5, amcnicky_mini_corridor_feature
D:11:     layout_gridville, lemuel_altar_in_water
D:12:     layout_gridville, serial_shops, nicolae_shop_stone, uniq_rupert,
          uniq_snorg, uniq_frances
D:13:     layout_loops_ring, special_room [special_room_bee], grunt_ogre_cave
D:14:     layout_roguey, david_vaults_2
D:15:     grunt_enter_depths_snipers, layout_rooms, minmay_crystal_box
Lair:1:   layout_cave_pods, serial_bayou_pond_c
Lair:2:   layout_roguey, basic_altar, st_stairs_12, serial_bayou_crossing,
          lemuel_fruit_tree
Lair:3:   layout_cave_pods, minmay_swamp_entry_eels, ice2_lemuel,
          serial_bayou_shore_a, lemuel_fruit_fields
Lair:4:   hangedman_what_comes_after_a, layout_hall_layers,
          minmay_snake_entry_six_corridors, eino_house_with_fridge,
          minmay_lair_oklob_chamber, infiniplex_staircase_pool
Lair:5:   layout_roguey, grunt_megastairs_5
Lair:6:   hangedman_lair_tendril_chambers, layout_loops_ring,
          hangedman_lair_caniforms_friends, slime_altar_1, basic_altar,
          small_statue_intersection
Swamp:1:  layout_falls_marsh, evilmike_swamp_ruin_house_5
Swamp:2:  gammafunk_worm_tunnel, layout_basic_swamp, hangedman_swamp_pad,
          swamp_pool1, nzn_swamp_blast_mining
Swamp:3:  layout_basic_swamp, serial_swamp_ruin, evilmike_swamp_ruin_house_3,
          evilmike_swamp_ruin_rubble_1, swamp_pool1, uniq_donald
Swamp:4:  swamp_pestilence, layout_basic_swamp, kb_tengu_band
Snake:1:  layout_basic, serial_shops, shop, minmay_shop_enchanted_jewellery,
          drop_trap, guppyfry_snake_island, minmay_shop_grove, uniq_louise,
          uniq_nikola
Snake:2:  layout_rooms, nrook_loot_triangle, drop_trap, grunt_ministairs_7,
          uniq_vashnia
Snake:3:  layout_honeycomb, grunt_ministairs_12
Snake:4:  snake_pit_salamanders_mu, layout_cave_town, uniq_kirke, uniq_roxanne
Orc:1:    layout_diamond_mine
Orc:2:    grunt_orc_gardens, layout_caves, grunt_orc_garden, grunt_orc_garden,
          grunt_orc_garden, grunt_orc_garden, basic_altar, minmay_orc_treasury
Elf:1:    eino_elf_arrival_the_gate, layout_loops_corners, serial_shops,
          nicolae_shop_behind_doors, ebering_ghost_reflecting_pool,
          evilmike_minifort
Elf:2:    layout_onion_city, serial_shops, shop_fountains,
          nicolae_elf_glass_and_crystal_pillar_1, guppyfry_elf_lava
Elf:3:    elf_hall_gauntlet_wide, layout_geoelf_octagon, grunt_megastairs_3,
          uniq_mara
Vaults:1: nicolae_vaults_c_with_doors, vaults_mumra_hex, v_alt_pattern_5,
          vaults_standard_mumra_lines, grunt_vaults_focal, v_misc_9,
          nicolae_vaults_hallways_thing, vaults_dpeg_encased_lava,
          vaults_room_pools, nicolae_vaults_alarming, layout_vaults_omnigrid
Vaults:2: ontoclasm_vaults_bender, v_misc_5, nicolae_vaults_shelves_hall,
          vaults_room_fancy_cross, nicolae_vaults_little_squares_6,
          vaults_mumra_lcd, ontoclasm_vaults_loading_screen,
          nicolae_vaults_network_s, grunt_vaults_diagonal, vaults_dpeg_cross,
          layout_vaults_ring, uniq_saint_roka
Vaults:3: minmay_crypt_entry_simple_statues, v_misc_4, v_misc_8,
          vaults_mumra_chevron, st_squares, nicolae_vaults_mini_display_case,
          v_misc_25, hangedman_vaults_pinch, v_misc_5, layout_vaults_maze_bifur,
          serial_shops, shop, uniq_aizul
Vaults:4: grunt_vaults_funnel, ontoclasm_vaults_pinch, vaults_room_boxed,
          v_misc_33, ontoclasm_vaults_ring_square, vaults_room_grid,
          nicolae_vaults_angled_halls, layout_vaults_big_room, serial_shops,
          shop
Vaults:5: serial_shops

Skill      XL: |  1  2  3  4  5  6  7  8  9 10 11 12 13 14 15 16 17 18 19 20 21 22 |
---------------+-------------------------------------------------------------------+-----
Axes           | 4 5 7 9 10 12 13 14 15 16 17 18 | 18.0
Fighting       | 4 5 6 7 9 10 12 13 14 15 16 17 18 19 20 21 | 21.4
Armour         | 3 4 5 6 7 9 10 11 13 14 15 16 17 18 19 20 21 | 21.2
Dodging        | 3 4 5 6 8 9 10 12 13 14 15 16 17 18 19 | 19.8
Shields        | 4 8 11 13 15 17 19 20 | 20.8
Evocations     | 4 7 9 10 | 10.0

Action                   |  1- 3 |  4- 6 |  7- 9 | 10-12 | 13-15 | 16-18 | 19-21 | 22-24 || total
-------------------------+-------+-------+-------+-------+-------+-------+-------+-------++-------
Melee: Hand axe          |   100 |    28 |    75 |    47 |   693 |   871 |   991 |   235 ||  3040
       Headbutt          |     9 |     7 |    14 |    50 |   233 |   278 |   395 |   113 ||  1099
       Broad axe         |       |       |       |    63 |       |       |       |       ||    63
       Executioner's axe |       |       |       |    64 |       |       |       |       ||    64
       Lance             |       |       |       |    22 |       |       |       |       ||    22
Invok: Berserk           |       |     1 |       |     1 |     9 |     8 |     6 |     2 ||    27
       Trog's Hand       |       |       |       |     1 |     5 |     2 |     6 |     2 ||    16
       Brothers in Arms  |       |       |       |       |       |       |     1 |       ||     1
Evoke: Wand              |       |       |       |       |     1 |     1 |       |       ||     2
  Use: Scroll            |       |       |     6 |     4 |    22 |    14 |     3 |     1 ||    50
       Potion            |       |       |     3 |     1 |     8 |    10 |     1 |       ||    23
 Stab: Sleeping          |     4 |       |       |       |     1 |       |       |       ||     5
       Distracted        |       |       |       |       |       |     1 |       |       ||     1
Armor: Animal skin       |    15 |     3 |       |       |       |       |       |       ||    18
       Leather armour    |       |     2 |    11 |    60 |   118 |   113 |    91 |    36 ||   431
Dodge: Dodged            |    59 |    16 |    47 |   216 |   580 |   440 |   517 |    95 ||  1970
Block: Tower shield      |       |       |       |       |    74 |   442 |       |       ||   516
       Kite shield       |       |       |       |       |    35 |   139 |   869 |   175 ||  1218
       Reflection        |       |       |       |       |       |     8 |   182 |     9 ||   199
